 Dungeon Crawl Stone Soup version 0.30-a0-996-ga6910c8ee8 (webtiles) character file.

Game seed: 16195279489672900807

49 BigDaddyOpFi the Covered (level 3, -1/49 HPs)
             Began as an Armataur Fighter on Apr 4, 2023.
             Killed from afar by Ijyb (5 damage)
             ... with an iceblast
             ... on level 3 of the Dungeon.
             The game lasted 00:01:54 (1755 turns).

BigDaddyOpFi the Covered (Armataur Fighter)         Turns: 1755, Time: 00:01:55

Health: -1/49      AC: 21    Str: 23    XL:     3   Next: 53%
Magic:  3/3        EV:  1    Int:  8    God:
Gold:   108        SH:  4    Dex:  9    Spells: 2/2 levels left

rFire   . . .      SeeInvis .    a - +0 war axe
rCold   . . .      Faith    .    c - +0 buckler
rNeg    . . .      Spirit   .    b - melded +0 scale mail
rPois   +          Reflect  .    (helmet currently unavailable)
rElec   .          Roll     +    (cloak currently unavailable)
rCorr   .          NoTele   +    (gloves currently unavailable)
Will    .....                    (no barding)
Stlth   +                        (no amulet)
HPRegen 0.28/turn                (no ring)
MPRegen 0.08/turn                (no ring)

@: mighty, tree-form
A: stationary, stasis, torment immunity, boosted hp, large, rugged brown scales
3, (deformed body), (armoured tail), roll, long tongue, awkward tongue
a: no special abilities


You were on level 3 of the Dungeon.
You were a tree.
You visited 1 branch of the dungeon, and saw 3 of its levels.

You collected 108 gold pieces.

Inventory:

Hand Weapons
 a - a +0 war axe (weapon)
Armour
 b - a +0 scale mail (melded)
 c - a +0 buckler (worn)
Wands
 f - a wand of flame (15)
Scrolls
 k - 2 scrolls of magic mapping
Potions
 e - a potion of cancellation
 h - a potion of attraction
 j - a potion of heal wounds {unknown}
 l - a potion of curing {unknown}
 m - a potion of degeneration {unknown}


   Skills:
 + Level 3.1 Fighting
 + Level 2.1 Axes
 + Level 4.2 Armour
 + Level 3.8 Shields


You had 2 spell levels left.
You didn't know any spells.
Your spell library contained the following spells:

 Spells                   Type           Power      Damage    Failure   Level
 Vhi's Electric Charge    Tloc/Air       0%         N/A       85%         3
 Arcjolt                  Conj/Air       0%         1d10      100%        5
 Plasma Beam              Fire/Air       0%         2x1d11    100%        6


Dungeon Overview and Level Annotations

Branches:
Dungeon (3/15)

Altars:

Annotations:
D:3 Ijyb


Innate Abilities, Weirdness & Mutations

You are a tree.
Your roots penetrate the ground, keeping you stationary.
You cannot be teleported.
You are immune to unholy pain and torment.
Your maximum health is greatly increased.
Your equipment is partially melded.
(You are completely covered in rugged brown scales. (AC +3, +7% HP))
((Armour fits poorly on your strangely shaped body.))
((You have a long armoured tail.))
You roll when moving toward enemies. (Rampage)
Your long tongue fully drains potion bottles. (2x potion effects)
Your tongue gives you trouble enunciating. (1.5x scroll delay)


Message History

As you slowly read the scroll labelled JUGRYR LILOR, it crumbles to dust.
It is a scroll of identify.
k - 2 scrolls of magic mapping As you slowly read the scroll of identify, it crumbles to dust.
e - a potion of cancellation As you slowly read the scroll of identify, it crumbles to dust.
g - a potion of lignification As you slowly read the scroll of identify, it crumbles to dust.
h - a potion of attraction
Okay, then.
You feel very mighty all of a sudden.
You slurp down every last drop of the potion of might!
You climb downwards.
Level annotation: Ijyb The kobold shouts!
The quokka bites you.
The endoplasm hits you but does no damage.
The quokka bites you.
There is a stone staircase leading up here.
You closely miss the quokka. You slash the endoplasm!
You kill the endoplasm!
Ijyb zaps a wand.
The mass of ice explodes!
The iceblast engulfs the quokka!!
The quokka dies!
The iceblast engulfs you!
Unknown command.
A goblin comes into view. It is wielding a +0 dagger.
Ijyb zaps a wand.
The mass of ice explodes!
The iceblast engulfs you!
* * * LOW HITPOINT WARNING * * *
You roll towards Ijyb!
You barely miss Ijyb. You block Ijyb's attack.
Really quaff the potion of lignification?
You turn into a tree.
Your +0 scale mail melds into your body.
Your roots penetrate the ground.
You slurp down every last drop of the potion of lignification!
Ijyb hits you but does no damage.
Unknown command.
You slice Ijyb!!
Ijyb is severely wounded.
Ijyb zaps a wand.
The mass of ice explodes!
The iceblast engulfs you.
You die...

.. .#
######.#####
##..........##
##............#.
#.....g.........
#.>...g?........
#.....♣........#
#......†.).....#
#.....K<.......#
##............##
#...?........##
#.?#####.######
..# #.# .# #.#
..#


You could see Ijyb, a goblin and a kobold.

Vanquished Creatures
  An adder (D:2)
  A dart slug (D:1)
  8 endoplasms
  4 goblins
  2 hobgoblins (D:1)
  2 quokkas (D:2)
  5 ball pythons
  3 bats
  2 frilled lizards
  4 kobolds
  3 rats
35 creatures vanquished.

Vanquished Creatures (others)
  A goblin (D:3)
  A quokka (D:3)
2 creatures vanquished.

Grand Total: 37 creatures vanquished

Notes
Turn   | Place    | Note
-------+----------+-------------------------------------------
     0 | D:1      | BigDaddyOpFi the Armataur Fighter began the quest for the
                  | Orb.
     0 | D:1      | Reached XP level 1. HP: 19/19 MP: 1/1
   163 | D:1      | Reached XP level 2. HP: 26/26 MP: 2/2
   752 | D:2      | Reached skill level 4 in Armour
   883 | D:2      | Reached XP level 3. HP: 31/33 MP: 3/3
  1522 | D:3      | Noticed Ijyb
  1755 | D:3      | Killed from afar by Ijyb

Illustrated notes

Levels and vault maps discovered:
D:1:      psy_arrival_basics, layout_loops_ring,
          hangedman_abyss_or_decor_lesser_grid, st_stairs_7
D:2:      layout_basic
D:3:      layout_rooms, uniq_ijyb

Skill      XL: |  1  2 |
---------------+-------+-----
Armour         | 4 |  4.2
Fighting       | 3 |  3.1
Axes           | 2 |  2.1
Shields        | |  3.8

Action                     || total
---------------------------++-------
  Melee: War axe           ||    76
         Tailslap          ||     8
    Use: Scroll            ||     6
         Potion            ||     2
 Armour: Scale mail        ||    35
         Skin              ||     1
  Dodge: Dodged            ||    29
  Block: Buckler           ||    16

Table legend: (Time is in decaauts)
 A = Elapsed time spent in this place.
 B = Non-inter-level travel time spent in this place.
 C = Inter-level travel time spent in this place.
 D = Time resting spent in this place.
 E = Time spent auto-exploring this place.
 F = Levels seen in this place.
 G = Mean time per level.
                   A        B        C        D        E       F      G
               +--------+--------+--------+--------+--------+-----+--------+
         Total |   1791 |   1764 |     27 |    210 |   1330 |   3 |  597.0 |
       Dungeon |   1791 |   1764 |     27 |    210 |   1330 |   3 |  597.0 |
               +--------+--------+--------+--------+--------+-----+--------+

Top non-repeatable levels by time:
     D:2: 1065 daAuts
     D:1: 713 daAuts
     D:3: 12 daAuts
